 Dungeon Crawl Stone Soup version 0.18-a0-628-gc02dfad (webtiles) character file.

169053 George the Fencer (level 17, -11/135 HPs)
             Began as a Demonspawn Fighter on Dec 3, 2015.
             Was the Champion of Makhleb.
             Mangled by George's illusion (18 damage)
             ... woven by Mara
             ... on level 3 of the Shoals on Dec 4, 2015.
             The game lasted 02:17:03 (33836 turns).

George the Fencer (Demonspawn Fighter)             Turns: 33836, Time: 02:17:04

Health: -11/135    AC: 32    Str: 31    XL:     17   Next: 34%
Magic:  0/37       EV: 14    Int: 13    God:    Makhleb [******]
Gold:   2037       SH: 14    Dex: 17    Spells: 0 memorised, 16 levels left

rFire  + . .     SeeInvis .     N - +9 double sword (elec)
rCold  + . .     Clarity  .     i - +6 plate armour "Bymishrur" {rF+ Str+3}
rNeg   + . .     SustAt   .     f - +0 shield {rC+}
rPois  .         Gourm    .     (helmet unavailable)
rElec  +         Spirit   +     g - +1 cloak
rCorr  .         Dismiss  .     j - +0 pair of gloves
rMut   .         Stasis   .     u - +2 pair of boots
MR     +++..                    o - amulet of guardian spirit
Stlth  ..........               m - ring "Uputo" {MP+9 Str+4 Slay+2}
                                a - ring of the Mage {Wiz MR++ Int+3}

@: mighty, lethally poisoned (-11 -> -17), extremely resistant to hostile
enchantments, extremely unstealthy
A: horns 3, thin metallic scales 3, demonic guardian 2, negative energy
resistance 1, powered by pain 3
a: Minor Destruction, Lesser Servant of Makhleb, Major Destruction, Greater
Servant of Makhleb, Renounce Religion


You were on level 3 of the Shoals.
You worshipped Makhleb.
Makhleb was exalted by your worship.
You were hungry.

You visited 6 branches of the dungeon, and saw 34 of its levels.
You also visited: Labyrinth, Ossuary and Ice Cave.

You collected 4039 gold pieces.
You spent 2002 gold pieces at shops.

Inventory:

Hand Weapons
 H - a +4 scimitar of flaming
 N - a +9 double sword of electrocution (weapon)
Armour
 f - a +0 shield of cold resistance (worn)
 g - a +1 cloak (worn)
 i - the +6 plate armour "Bymishrur" (worn) {rF+ Str+3}
   (You bought it in a shop on level 4 of the Orcish Mines)

   It affects your strength (+3).
   It protects you from fire.
 j - a +0 pair of gloves (worn)
 u - a +2 pair of boots (worn)
Jewellery
 a - the ring of the Mage (left hand) {Wiz MR++ Int+3}
   (You found it in an ice cave)

   [ring of wizardry]

   It improves your spell success rate.
   It affects your intelligence (+3).
   It affects your resistance to hostile enchantments.
 b - the ring of Fejewor {rN+ Str+7}
   (You found it in an ice cave)

   [ring of positive energy]

   It affects your strength (+7).
   It protects you from negative energy.
 m - the ring "Uputo" (right hand) {MP+9 Str+4 Slay+2}
   (You found it on level 5 of the Lair of Beasts)

   [ring of magical power]

   It affects your strength (+4).
   It affects your accuracy and damage with ranged weapons and melee attacks
   (+2).
   It affects your magic capacity (+9).
 o - an amulet of guardian spirit (around neck)
 t - an uncursed ring of flight
 w - the ring of Vikatoph {SustAt rElec rC+}
   (You bought it in a shop on level 4 of the Orcish Mines)

   [ring of sustain attributes]

   It sustains your strength, intelligence and dexterity.
   It protects you from cold.
   It insulates you from electricity.
 D - the ring "Qujedona" {+Blink AC+2 Stlth+}
   (You found it in an ice cave)

   [ring of protection]

   It affects your AC (+2).
   It lets you blink.
   It makes you more stealthy.
Wands
 c - a wand of digging (9)
 k - a wand of cold (0)
 l - a wand of lightning (2)
 x - a wand of fireball (2)
 G - a wand of lightning (8)
 I - a wand of disintegration (8)
 R - a wand of draining (7)
 Z - a wand of heal wounds (7)
Scrolls
 n - 7 scrolls of identify
 s - 3 scrolls of magic mapping
 y - 2 scrolls of fog
 z - 5 scrolls of blinking
 B - 7 scrolls of remove curse
 C - 11 scrolls of recharging
 L - 13 scrolls of teleportation
 S - 5 scrolls of enchant armour
 V - 3 scrolls of enchant weapon
Potions
 d - 6 potions of might
 h - 8 potions of heal wounds
 v - 11 potions of curing
 J - 2 potions of cancellation
 K - a potion of magic
 O - 3 potions of haste
 P - 6 potions of agility
 T - 5 potions of cure mutation
 Y - 2 potions of resistance
Miscellaneous
 p - a lamp of fire
 r - a phial of floods
 E - a phantom mirror
 Q - a stone of tremors
 X - a disc of storms
Comestibles
 e - 17 bread rations
 q - 23 fruits
 A - 13 slices of pizza
 F - 2 royal jellies
 U - 11 meat rations
 W - 26 beef jerkies


   Skills:
 + Level 12.4 Fighting
 * Level 15.6 Long Blades
 + Level 11.8 Armour
 + Level 11.2 Dodging
 + Level 11.5 Shields
 + Level 14.9 Invocations


You had 16 spell levels left.
You didn't know any spells.

Dungeon Overview and Level Annotations

Branches:
Dungeon (15/15)            Temple (1/1) D:6            Lair (8/8) D:8
 Shoals (3/4) Lair:4       Spider (3/4) Lair:6        Slime (0/6) Lair:8
    Orc (4/4) D:9             Elf (0/3) Orc:3        Vaults (0/5) D:13
 Depths (0/5) D:15

Altars:
Ashenzari
Cheibriados
Dithmenos
Elyvilon
Fedhas
Gozag
Kikubaaqudgha
Makhleb
Nemelex Xobeh
Okawaru
Pakellas
Qazlal
Ru
Sif Muna
Trog
Vehumet
Xom
Yredelemnul
Zin
The Shining One
Jiyva

Shops:
D:4 *   D:8 :   Orc:1 [   Orc:4 [[=%?[*}[

Annotations:
Shoals:3 Mara


Innate Abilities, Weirdness & Mutations

You have a pair of large horns on your head.
You are completely covered in thin metallic scales (AC +4, rElec).
A demonic guardian rushes to your aid.
You resist negative energy.
You are powered by pain.


Message History

Mara gestures.
Mara blinks!
You feel sick.
Your sun demon barely misses the water nymph.
The water nymph flows with the water.
Splash!
You fall into the shallow water.
Moving in this stuff is going to be slow.
You block Mara's attack. The snapping turtle bites you!
* * * LOW HITPOINT WARNING * * *
Mara gestures.
Mara blinks!
Your unstable footing causes you to fumble your attack.
Your sun demon disappears in a puff of smoke!
The water nymph touches you. The water nymph drowns you!
* * * LOW HITPOINT WARNING * * *
Mara gestures.
Mara blinks!
Mara misses you. You block the snapping turtle's attack.
George's illusion hits you!!
You die...

#... ≈≈≈≈≈.. ####
≈≈≈≈≈≈≈ # # ≈≈≈≈≈≈. .##
# ≈≈≈≈≈≈.## #.# ##
≈≈≈≈≈≈..# #####.####.
≈≈§≈≈≈3R## #..#....(..
≈≈≈≈≈≈m..# ##.###......
≈≈≈≈≈≈≈@#####...##......
≈≈≈≈≈§§t@##........###..
≈≈≈≈≈≈≈≈......≈≈≈..# #..
≈≈≈≈≈≈≈§≈≈≈.R..≈≈..###).
≈≈≈≈≈≈≈≈≈≈≈≈≈≈≈≈≈......≈
≈≈≈≈≈≈≈≈≈≈R≈≈≈≈≈≈≈.....≈
≈≈≈≈≈≈≈≈.≈≈≈≈≈≈≈≈≈≈≈...≈
≈≈≈≈?.....≈≈≈≈≈≈≈≈≈≈≈≈≈≈
≈≈≈...!...≈≈≈≈≈≈≈≈≈≈≈≈≈


You could see 3 Maras, a snapping turtle, a water nymph, George's illusion and a
friendly soul eater.

Vanquished Creatures
  Nikola (Shoals:2)
  A kraken (Shoals:1)
  3 ghost moths
  Louise (Spider:2)
  2 spark wasps
  Snorg (Lair:5)
  A minotaur (Lab)
  A merfolk impaler (Shoals:2)
  Josephine (D:13)
  A yaktaur captain (D:15)
  The ghost of Noname the Spear-Bearer, a journeyman NaBe of Trog (D:11)
  Fannar (D:11)
  3 ice dragons
  A merfolk avatar (Shoals:1)
  6 centaur warriors
  5 entropy weavers
  A catoblepas (D:14)
  Erolcha (D:11)
  6 hydras
  Erica (D:11)
  3 merfolk aquamancers
  7 death yaks
  2 orc high priests (Orc:4)
  A wizard (D:13)
  An unseen horror (D:14)
  A sea snake (Shoals:2)
  7 hill giants
  9 orb spiders
  6 orc sorcerers
  7 griffons
  15 ugly things
  6 manticores
  3 orc knights (Orc:4)
  4 cyclopes (D:15)
  5 harpies
  17 wolf spiders
  A water nymph (Shoals:1)
  5 slime creatures
  4 moths of wrath (Spider:1)
  7 fauns (Shoals:1)
  A centaur zombie (D:13)
  2 black mambas
  Maurice (D:10)
  A siren (Shoals:1)
  Joseph (D:10)
  An eye of devastation (shapeshifter) (D:13)
  7 elephants
  3 ice statues
  A yaktaur (D:15)
  4 torpor snails
  A gargoyle (D:15)
  11 spiny frogs
  8 komodo dragons
  A kobold demonologist (D:12)
  5 demonic crawlers
  6 fire drakes
  A spriggan druid (Lair:7)
  A freezing wraith (D:13)
  15 merfolk
  3 two-headed ogres
  11 polar bears
  5 trolls
  A tengu conjurer (D:14)
  Prince Ribbit (D:6)
  3 raiju (Lair:8)
  19 jumping spiders
  14 blink frogs
  A wind drake (Shoals:1)
  8 snapping turtles
  2 boulder beetles (Lair:8)
  A spriggan (shapeshifter) (D:13)
  10 trapdoor spiders
  Sigmund (D:5)
  A human (D:7)
  2 shadows (Lab)
  12 water elementals
  17 tarantellas
  4 wraiths (D:13)
  41 yaks
  A fire elemental (D:14)
  8 basilisks
  2 deep elf magi
  33 redbacks
  19 hippogriffs
  A steam dragon (D:12)
  10 wyverns
  5 vampire mosquitoes
  Edmund (D:5)
  A soldier ant (D:10)
  12 porcupines
  A hungry ghost (D:12)
  21 wolves
  8 wargs
  19 ice beasts
  15 black bears
  2 hell hounds (Lair:8)
  A necrophage (D:10)
  4 phantoms
  4 sky beasts
  5 ogres
  19 orc warriors
  3 wasps
  16 water moccasins
  9 centaurs
  A big kobold (D:9)
  10 crocodiles
  Blork the orc (D:6)
  2 water moccasin zombies (Ossuary)
  24 giant frogs
  A wyvern zombie (D:14)
  2 scorpions
  2 wyvern skeletons (D:13)
  A troll zombie (D:9)
  11 wights
  A killer bee (D:15)
  4 electric eels
  8 crimson imps
  20 hounds
  4 giant frog zombies
  5 lava snakes
  2 quasits
  2 giant frog skeletons
  2 jellies
  A centaur skeleton (D:5)
  A gnoll shaman (D:9)
  18 orc priests
  25 orc wizards
  7 iguanas
  7 hell rats (Lair:3)
  4 worker ants
  11 sheep
  5 ogre zombies (D:9)
  A big kobold zombie (Ossuary)
  A hound zombie (D:10)
  2 mummies (Ossuary)
  Robin (D:2)
  4 gnolls (D:9)
  7 adders
  62 river rats
  6 shadow imps
  15 white imps
  An ooze (D:6)
  6 adder zombies (Ossuary)
  A worm (D:5)
  An adder skeleton (D:5)
  5 giant geckos
  156 orcs
  A ball python (D:7)
  3 bats
  7 giant cockroaches
  4 gnoll zombies (Ossuary)
  4 hobgoblins
  12 jackals
  2 quokkas
  4 giant newts
  13 goblins
  2 goblin zombies
  A hobgoblin skeleton (D:9)
  3 hobgoblin zombies
  9 kobolds
  5 kobold zombies (Ossuary)
  An orc skeleton (D:9)
  16 orc zombies
  A quokka skeleton (D:5)
  6 rats
  A rat zombie (D:7)
  A fungus (D:8)
  4 plants
  4 tentacles (Shoals:1)
1153 creatures vanquished.

Vanquished Creatures (collateral kills)
  A spark wasp (Spider:3)
  9 hydras
  A catoblepas (Lair:8)
  A centaur warrior (D:13)
  An orc high priest (Orc:4)
  Sonja (Lair:1)
  2 hill giants
  A lindwurm (Lair:8)
  An orc sorcerer (Orc:4)
  2 griffons
  2 ugly things
  The ghost of George the Carver, a novice DsFi (D:7)
  An orb spider (Spider:3)
  3 wolf spiders
  An orc knight (Orc:4)
  5 elephants
  A gargoyle (D:10)
  Psyche (D:9)
  A kobold demonologist (D:15)
  A troll (D:9)
  2 komodo dragons
  4 jumping spiders
  5 fire drakes (Lair:5)
  A polar bear (Lair:8)
  A giant leech (Lair:8)
  6 blink frogs
  A tarantella (Spider:2)
  A water elemental (Shoals:2)
  3 wyverns (Lair:5)
  2 hippogriffs (Lair:5)
  A hungry ghost (D:8)
  11 yaks
  2 basilisks
  2 redbacks (Spider:2)
  7 wolves
  Menkaure (D:4)
  5 ice beasts
  An orc warrior (D:7)
  A wasp (Spider:1)
  3 centaurs (D:13)
  2 giant frogs
  2 water moccasin zombies (Ossuary)
  A wyvern skeleton (D:9)
  2 orc priests (Orc:4)
  A hound (D:12)
  A jelly (D:10)
  An orc wizard (D:7)
  A worker ant (D:10)
  A big kobold zombie (Ossuary)
  6 sheep
  An adder zombie (Ossuary)
  A worm (D:5)
  2 orcs (D:10)
  A gnoll zombie (Ossuary)
  A jackal (D:7)
  A goblin skeleton (D:9)
  A hobgoblin skeleton (D:9)
  An orc skeleton (D:9)
  An orc zombie (Ossuary)
125 creatures vanquished.

Vanquished Creatures (others)
  8 fungi
  12 plants
  4 tentacles (Shoals:1)
  257 tentacle segments (Shoals:1)
  4 toadstools (D:1)
285 creatures vanquished.

Grand Total: 1563 creatures vanquished

Notes
Turn   | Place    | Note
--------------------------------------------------------------
     0 | D:1      | George the Demonspawn Fighter began the quest for the Orb.
     0 | D:1      | Reached XP level 1. HP: 18/18 MP: 1/1
   613 | D:2      | Gained mutation: You have a pair of small horns on your head. [demonic ancestry]
   613 | D:2      | Reached XP level 2. HP: 24/24 MP: 2/2
   647 | D:2      | Found a bloodstained altar of Trog.
   672 | D:2      | Noticed Robin
   683 | D:2      | Killed Robin
   700 | D:2      | Reached XP level 3. HP: 10/29 MP: 3/3
  1572 | D:2      | Found a burning altar of Makhleb.
  1572 | D:2      | Noticed a green death
  1576 | D:2      | Noticed an orange demon
  1576 | D:2      | Noticed a ynoxinul
  1578 | D:2      | Became a worshipper of Makhleb the Destroyer
  2266 | D:3      | Reached XP level 4. HP: 16/35 MP: 4/4
  2934 | D:4      | Reached skill level 1 in Invocations
  3481 | D:4      | Reached * piety under Makhleb
  3501 | D:4      | Found Nixziok's Elemental Accessories.
  3768 | D:4      | Gained mutation: A weak demonic guardian rushes to your aid. [demonic ancestry]
  3768 | D:4      | Reached XP level 5. HP: 41/41 MP: 6/6
  3772 | D:4      | Noticed Menkaure
  3779 | D:4      | Killed Menkaure
  3779 | D:4      | Reached skill level 4 in Long Blades
  3918 | D:5      | Entered Level 5 of the Dungeon
  3918 | D:5      | Noticed a phantom
  3925 | D:5      | Reached skill level 1 in Dodging
  3963 | D:5      | Killed a phantom
  3963 | D:5      | Gained mutation: You are partially covered in thin metallic scales (AC +2). [demonic ancestry]
  3963 | D:5      | Reached XP level 6. HP: 46/48 MP: 7/7
  4030 | D:5      | Noticed Edmund
  4045 | D:5      | Killed Edmund
  4226 | D:5      | Noticed Sigmund
  4255 | D:5      | Killed Sigmund
  4255 | D:5      | Reached XP level 7. HP: 33/54 MP: 9/9
  4395 | D:5      | Reached skill level 5 in Long Blades
  4549 | D:6      | Reached ** piety under Makhleb
  4577 | D:6      | Found a stormy altar of Qazlal.
  4586 | D:6      | Identified a scroll of acquirement
  4610 | D:6      | Found a staircase to the Ecumenical Temple.
  4622 | Temple   | Entered the Ecumenical Temple
  4893 | D:6      | Found an oddly glowing altar of Pakellas.
  4895 | D:6      | Noticed Blork the orc
  4899 | D:6      | Killed Blork the orc
  5094 | D:6      | Found a glowing silver altar of Zin.
  5094 | D:6      | Noticed an angel
  5141 | D:6      | Gained mutation: A demonic guardian rushes to your aid. [demonic ancestry]
  5141 | D:6      | Reached XP level 8. HP: 61/61 MP: 10/10
  5166 | D:6      | Found a blossoming altar of Fedhas.
  5185 | D:6      | Noticed Prince Ribbit
  5198 | D:6      | Killed Prince Ribbit
  5285 | D:7      | Found a shimmering altar of Xom.
  5285 | D:7      | Found a shimmering altar of Xom.
  5285 | D:7      | Found a shimmering altar of Xom.
  5285 | D:7      | Found a shimmering altar of Xom.
  5285 | D:7      | Found a shimmering altar of Xom.
  5286 | D:7      | Found a shimmering altar of Xom.
  5286 | D:7      | Found a shimmering altar of Xom.
  5296 | D:7      | Noticed George's ghost (novice DsFi)
  5307 | D:7      | Killed George's ghost
  5307 | D:7      | Reached skill level 6 in Long Blades
  5362 | D:7      | Noticed a fire drake
  5424 | D:7      | Found a sacrificial altar of Ru.
  5478 | D:7      | Found a sand-covered staircase.
  5485 | Ossuary  | Entered an ossuary
  5500 | Ossuary  | Reached skill level 5 in Fighting
  5501 | Ossuary  | Reached *** piety under Makhleb
  5602 | Ossuary  | Reached XP level 9. HP: 61/68 MP: 12/12
  5607 | Ossuary  | Reached skill level 5 in Invocations
  5805 | D:7      | Reached **** piety under Makhleb
  5990 | D:7      | Found a shadowy altar of Dithmenos.
  6325 | D:8      | Reached skill level 7 in Long Blades
  6325 | D:8      | Reached skill level 5 in Armour
  6524 | D:8      | Found Ugodghez's Book Shop.
  6631 | D:8      | Found a staircase to the Lair.
  6734 | D:8      | Found a sparkling altar of Nemelex Xobeh.
  6919 | D:8      | Reached skill level 5 in Shields
  7236 | D:9      | Noticed Psyche
  7241 | D:9      | Killed Psyche
  7296 | D:9      | Found an oddly glowing altar of Pakellas.
  7311 | D:9      | Reached skill level 8 in Long Blades
  7311 | D:9      | Gained mutation: You are mostly covered in thin metallic scales (AC +3). [demonic ancestry]
  7311 | D:9      | Reached XP level 10. HP: 76/76 MP: 14/14
  7361 | D:9      | Reached ***** piety under Makhleb
  7408 | D:9      | Identified the Disquisition on Damage Dealing
  7602 | D:9      | Reached skill level 5 in Dodging
  7617 | D:9      | Found a staircase to the Orcish Mines.
  8355 | D:10     | Entered Level 10 of the Dungeon
  8382 | D:10     | Noticed Joseph
  8385 | D:10     | Noticed a purple ugly thing
  8390 | D:10     | Killed Joseph
  8395 | D:10     | Killed a purple ugly thing
  8610 | D:10     | Reached skill level 9 in Long Blades
  8659 | D:10     | Noticed Maurice
  8664 | D:10     | Noticed a hill giant
  8722 | D:10     | Killed Maurice
  8729 | D:9      | Killed a hill giant
  8994 | D:10     | Gained mutation: You have a pair of horns on your head. [demonic ancestry]
  8994 | D:10     | Reached XP level 11. HP: 83/83 MP: 16/16
  9025 | D:10     | Noticed a hill giant
  9034 | D:10     | HP: 4/83 [hill giant/giant club (27)]
  9383 | D:10     | Killed a hill giant
 10025 | Lair:1   | Entered Level 1 of the Lair of Beasts
 10139 | Lair:1   | Noticed a six-headed hydra
 10148 | Lair:1   | Killed an eight-headed hydra
 10421 | Lair:1   | Noticed Sonja
 10707 | Lair:1   | Killed Sonja
 11023 | Lair:2   | Reached ****** piety under Makhleb
 11134 | Lair:2   | Reached skill level 10 in Long Blades
 11770 | Lair:3   | Noticed a death yak
 11987 | Lair:3   | Gained mutation: You sometimes gain a little power by taking damage. [demonic ancestry]
 11987 | Lair:3   | Reached XP level 12. HP: 92/92 MP: 18/18
 12370 | Lair:3   | Found a blossoming altar of Fedhas.
 12798 | Lair:4   | Noticed an eight-headed hydra
 12808 | Lair:4   | Killed an eight-headed hydra
 13205 | Lair:4   | Found a staircase to the Shoals.
 13729 | Lair:5   | Noticed Snorg
 13740 | Lair:5   | Killed Snorg
 13740 | Lair:5   | Reached skill level 11 in Long Blades
 13745 | Lair:5   | Reached skill level 10 in Invocations
 13792 | Lair:5   | Noticed an eight-headed hydra
 13827 | Lair:5   | Killed an eight-headed hydra
 14226 | Lair:5   | Got a scintillating iron ring
 14228 | Lair:5   | Identified the ring "Uputo" {MP+9 Str+4 Slay+2} (You found it on level 5 of the Lair of Beasts)
 14573 | Lair:5   | Noticed a seven-headed hydra
 14573 | Lair:5   | Noticed a four-headed hydra
 14579 | Lair:5   | Killed a four-headed hydra
 14586 | Lair:5   | Killed a seven-headed hydra
 14717 | Lair:6   | Gained mutation: You have a pair of large horns on your head. [demonic ancestry]
 14717 | Lair:6   | Reached XP level 13. HP: 100/100 MP: 20/20
 14749 | Lair:6   | Found a hole to the Spider Nest.
 15642 | Lair:7   | Reached skill level 12 in Long Blades
 16425 | Lair:8   | Entered Level 8 of the Lair of Beasts
 16726 | Lair:8   | Found a viscous altar of Jiyva.
 16727 | Lair:8   | Found a staircase to the Slime Pits.
 16823 | Lair:8   | Gained mutation: You resist negative energy. [demonic ancestry]
 16823 | Lair:8   | Reached XP level 14. HP: 101/109 MP: 22/22
 17745 | Lair:8   | Reached skill level 10 in Fighting
 18121 | Lair:8   | Reached skill level 13 in Long Blades
 18744 | Orc:1    | Entered Level 1 of the Orcish Mines
 18744 | Orc:1    | Found Geimov's Armour Shop.
 19693 | Orc:3    | Found a staircase to the Elven Halls.
 20189 | Orc:4    | Entered Level 4 of the Orcish Mines
 20370 | Orc:4    | Found Fakyph's Armour Shop.
 20407 | Orc:4    | Found Coezoriv's Antique Armour Boutique.
 20446 | Orc:4    | Found Efetig's Antique Armour Shop.
 20448 | Orc:4    | Found Ruwopec's Gadget Emporium.
 20462 | Orc:4    | Found Tefaf's Antique Armour Emporium.
 20649 | Orc:4    | Bought an agate-encrusted plate armour for 784 gold pieces
 20659 | Orc:4    | Identified the +6 plate armour "Bymishrur" {rF+ Str+3} (You bought it in a shop on level 4 of the Orcish Mines)
 20673 | Orc:4    | Bought a spiked cloak for 323 gold pieces
 20683 | Orc:4    | Identified the cursed -5 cloak "Fobao" {+Inv rC+ MR-} (You bought it in a shop on level 4 of the Orcish Mines)
 20683 | Orc:4    | Bought an embroidered cloak for 153 gold pieces
 20694 | Orc:4    | Bought a shiny shield for 126 gold pieces
 21028 | Orc:4    | Found Ciha's Assorted Antiques.
 21028 | Orc:4    | Found Utiraof's Jewellery Boutique.
 21040 | Orc:4    | Found Tazxacw's Magic Scroll Emporium.
 21040 | Orc:4    | Found Nuahy's Food Boutique.
 21213 | Orc:4    | Bought the ring of Vikatoph {SustAt rElec rC+} for 616 gold pieces
 21328 | D:11     | Noticed Fannar
 21334 | D:11     | Killed Fannar
 21381 | D:11     | Found a frozen archway.
 21397 | D:11     | Reached skill level 10 in Armour
 21421 | IceCv    | Entered an ice cave
 21608 | IceCv    | Gained mutation: You sometimes gain power by taking damage. [demonic ancestry]
 21608 | IceCv    | Reached XP level 15. HP: 117/117 MP: 24/24
 21674 | IceCv    | Got a steaming turquoise ring
 21688 | IceCv    | Got a steaming ruby amulet
 21692 | IceCv    | Got a glittering steel ring
 21905 | IceCv    | Identified the ring of Fejewor {rN+ Str+7} (You found it in an ice cave)
 21909 | IceCv    | Identified the ring "Qujedona" {+Blink AC+2 Stlth+} (You found it in an ice cave)
 21911 | IceCv    | Identified the amulet of Hyck {Dismiss *Contam rElec rC+ Stlth+} (You found it in an ice cave)
 21950 | D:11     | Noticed Erica
 21950 | D:11     | Noticed Noname's ghost (journeyman NaBe)
 21957 | D:11     | Killed Noname's ghost
 21961 | D:11     | Killed Erica
 22044 | D:11     | Found a basalt altar of Yredelemnul.
 22260 | D:11     | Noticed Erolcha
 22265 | D:11     | Killed Erolcha
 22265 | D:11     | Reached skill level 10 in Shields
 23260 | D:13     | Found a gate to the Vaults.
 23330 | D:13     | Found a labyrinth entrance.
 23331 | D:13     | Noticed Josephine
 23337 | D:13     | Killed Josephine
 23351 | Lab      | Entered a labyrinth
 25626 | D:13     | Reached skill level 10 in Dodging
 26432 | D:14     | Reached skill level 14 in Long Blades
 26712 | D:14     | Found a glowing golden altar of the Shining One.
 27033 | D:15     | Entered Level 15 of the Dungeon
 27053 | D:15     | Found a shimmering altar of Xom.
 27434 | D:15     | Found a staircase to the Depths.
 27689 | D:15     | Upgraded the game from 0.18-a0-596-g6468885 to 0.18-a0-619-g89c329e
 28247 | Lair:6   | Gained mutation: You are completely covered in thin metallic scales (AC +4, rElec). [demonic ancestry]
 28247 | Lair:6   | Reached XP level 16. HP: 125/125 MP: 26/26
 28281 | Spider:1 | Entered Level 1 of the Spider Nest
 29895 | Spider:2 | Noticed Louise
 29909 | Spider:2 | Killed Louise
 30399 | Spider:2 | Upgraded the game from 0.18-a0-619-g89c329e to 0.18-a0-628-gc02dfad
 30955 | Spider:3 | Reached skill level 15 in Long Blades
 32053 | Shoals:1 | Entered Level 1 of the Shoals
 32534 | Shoals:1 | Gained mutation: You are powered by pain. [demonic ancestry]
 32534 | Shoals:1 | Reached XP level 17. HP: 131/133 MP: 27/27
 32791 | Shoals:2 | Noticed Nikola
 32810 | Shoals:2 | Killed Nikola
 33800 | Shoals:3 | Noticed Mara
 33804 | Shoals:3 | Noticed George's illusion
 33827 | Shoals:3 | Noticed George's illusion
 33836 | Shoals:3 | Mangled by George's illusion

Vault maps used:
D:1:      ldierk_walled_garden_2
D:2:      makhleb_altar_promises_db, bloody_trog, uniq_robin
D:3:      first_bread, corner_web_ring
D:4:      minivault_24, nicolae_elemental_shop, uniq_menkaure
D:5:      uniq_sigmund, uniq_edmund
D:6:      fedhas_altar_1, zin_angel, minmay_temple_entry_mist, basic_altar,
          grunt_ministairs_14, minmay_misc_feat_nine_boxes,
          grunt_qazlal_sundering, uniq_blork_the_orc, uniq_prince_ribbit1
D:7:      nicolae_ru_great_annihilating_truth, nicolae_dithmenos_the_darkroom,
          enter_ossuary_4, kennysheep_nondescript, grunt_livestock,
          xom_shifter_show
D:8:      marbit_many_paths, due_lair_maze_entry_diamond, serial_shops,
          kennysheep_little_box, roderic_malta_cross, kennysheep_windowed_goal
D:9:      grunt_pakellas_salt, zombieorc1_lemuel, uniq_psyche
D:10:     hangedman_abyss_or_decor_jellyfish_corner, uniq_joseph, uniq_maurice
D:11:     portal_ice_cave_entry_imps, yredelemnul_altar_generic, uniq_fannar,
          uniq_erica, uniq_erolcha
D:13:     david_vaults_4, lab_entry_generic, uniq_josephine
D:14:     nicolae_tso_swordbearing_angel, kennysheep_path_1,
          minmay_misc_feat_tiny, moated_statue, evilmike_surprise_oklob
D:15:     grunt_enter_depths_snipers, lemuel_tele_altar, spider_trap
Temple:   circular_temple_13
Lair:1:   bh_autumn_forest_stairs, uniq_sonja
Lair:3:   basic_altar, pond, serial_bayou_shore_a
Lair:4:   elwin_shoals_entry_rooms, serial_bayou, serial_bayou_crossing,
          serial_bayou_shore_b, serial_bayou_lagoon_a, serial_bayou_pond_c,
          infiniplex_staircase_pool_2
Lair:5:   special_room, uniq_snorg
Lair:6:   spider_nest_entry_a, grunt_megastairs_3
Lair:7:   kilobyte_rumbling_trees, serial_bayou_shore_b
Lair:8:   hangedman_lair_in_review, hangedman_lair_caniforms_friends,
          slime_altar_1, ice2_lemuel
Shoals:2: uniq_nikola
Shoals:3: uniq_mara
Spider:2: uniq_louise
Spider:3: spiders_nest_ghost_moth_duel
Orc:1:    serial_shops, shop_statue
Orc:3:    nicolae_orc_pool_cavern
Orc:4:    grunt_orc_tribal_feast, serial_shops, shop, shop, shop_statue, shop,
          nicolae_shop_waterfront
Lab:      nicolae_lab_grate_2, labyrinth_lava_lair
Ossuary:  ossuary_tomb_2
IceCv:    ice_cave_small_dragons

Action                   |  1- 3 |  4- 6 |  7- 9 | 10-12 | 13-15 | 16-18 || total
-------------------------+-------+-------+-------+-------+-------+-------++-------
Melee: Long sword        |   123 |   164 |    31 |       |       |       ||   318
       Double sword      |       |       |   221 |   586 |  1310 |   653 ||  2770
       Short sword       |       |       |       |    10 |    25 |       ||    35
       Scimitar          |       |       |       |       |     5 |       ||     5
 Abil: Evoke Flight      |       |       |       |       |     3 |     1 ||     4
       Stop Flying       |       |       |       |       |     1 |       ||     1
Evoke: Wand              |       |     4 |       |     5 |       |     5 ||    14
  Use: Scroll            |       |    15 |    12 |     9 |    10 |     2 ||    48
       Potion            |       |     1 |     1 |       |     1 |     1 ||     4
 Stab: Distracted        |       |     3 |       |     3 |     5 |     1 ||    12
       Paralysed         |       |       |     1 |       |       |       ||     1
  Eat: Chunk             |     3 |     7 |    27 |    15 |    40 |    19 ||   111
       Fruit             |     1 |       |       |       |       |       ||     1
       Meat ration       |       |       |       |       |     1 |       ||     1
